Map: Divergence CE

Players

Ekelpack - Winner!

  • Race: Zerg Zerg
  • Spawn Location: 11:00

Nyck - Winner!

  • Race: Terran Terran
  • Spawn Location: 11:00

ReyNevan

  • Race: Terran Terran
  • Spawn Location: 5:00

ZŁO

  • Race: Zerg Zerg
  • Spawn Location: 5:00

VOD

Have the link to the VOD?

Description

Time

  • Played on: Oct. 2, 2024, 2:08 p.m.
  • Length: 14:55
Show
View Real Time Build Order
Export as new Build Order

Ekelpack Zerg - Winner!

Build Orders: Hatch First 

Get SALT Encoding   

  12  0:00  Drone  
  13  0:13  Overlord  
  13  0:17  Drone  
  14  0:32  Drone x2  
  16  0:52  Drone  
  16  0:53  Hatchery  
  16  1:06  Spawning Pool  
  15  1:11  Drone  
  15  1:15  Extractor  
  15  1:16  Drone  
  16  1:22  Drone  
  16  1:25  Drone  
  18  1:34  Drone  
  19  1:46  Drone  
  20  1:53  Queen  
  22  2:05  Queen  
  22  2:07  Overlord  
  24  2:12  Drone  
  25  2:17  Drone  
  25  2:18  Drone  
  25  2:20  Drone  
  28  2:29  Lair  
  28  2:33  Drone  
  29  2:41  Queen  
  31  2:45  Drone  
  31  2:50  Drone  
  33  2:51  Drone x2  
  33  2:55  Drone  
  33  2:57  Extractor  
  35  2:59  Overlord  
  35  3:03  Extractor  
  35  3:04  Drone x2  
  36  3:17  Drone x2  
  36  3:18  Drone x2, Overlord  
  40  3:28  Extractor  
  40  3:32  Spire  
  38  3:37  Drone  
  38  3:38  Drone  
  38  3:41  Drone x3  
  43  3:42  Overlord  
  44  3:55  Drone x2  
  44  3:56  Drone  
  44  3:58  Overlord  
  44  3:59  Overlord  
  46  4:45  Mutalisk x3  
  46  4:46  Mutalisk x7  
  66  4:54  Overlord  
  66  4:56  Hatchery  
  66  4:57  Zerg Flyer Weapons Level 1  
  65  5:20  Overlord x2  
  65  5:31  Drone  
  65  5:32  Drone x3, Overlord x2  
  69  5:40  Mutalisk x3  
  69  5:41  Mutalisk  
  77  5:56  Mutalisk x3  
  83  5:59  Zergling x4  
  85  6:09  Zergling x6  
  88  6:18  Extractor  
  88  6:22  Drone  
  88  6:23  Extractor  
  87  6:32  Infestation Pit  
  86  6:44  Drone x6  
  86  6:45  Drone x6  
  98  6:54  Zerg Flyer Weapons Level 2  
  98  7:08  Mutalisk x2  
  98  7:09  Mutalisk x6  
  114  7:20  Hive  
  114  7:21  Overlord x3  
  114  7:42  Mutalisk x3  
  114  7:43  Zergling x6  
  123  8:00  Hatchery  
  123  8:01  Overlord x2  
  122  8:12  Zergling x8  
  126  8:13  Zergling x6, Overlord x3  
  125  8:27  Mutalisk x4  
  133  9:02  Ultralisk Cavern  
  132  9:04  Adrenal Glands  
  132  9:05  Overlord, Evolution Chamber  
  132  9:06  Overlord x2, Evolution Chamber  
  130  9:15  Zergling x4  
  130  9:16  Zergling x12  
  130  9:17  Zergling x12  
  142  9:45  Zerg Melee Weapons Level 1  
  142  9:46  Zerg Ground Armor Level 1  
  142  9:51  Chitinous Plating  
  142  9:53  Ultralisk x3  
  160  10:10  Extractor  
  160  10:13  Extractor  
  158  10:15  Drone x3  
  158  10:18  Pneumatized Carapace  
  152  10:36  Metabolic Boost  
  72  10:50  Ultralisk x4  
  72  10:51  Ultralisk  
  102  11:08  Ultralisk x2  
  102  11:09  Zergling x2  
  102  11:10  Zergling x10  
  118  11:21  Ultralisk x2  
  130  11:26  Drone x3  
  133  11:34  Anabolic Synthesis  
  133  11:40  Ultralisk x2  
  145  11:48  Overlord  
  145  11:49  Ultralisk x5  
  175  11:56  Overlord x2  
  175  12:15  Zerg Melee Weapons Level 2, Zerg Ground Armor Level 2  
  175  12:22  Ultralisk x4  
  199  12:23  Zergling x2  
  193  13:15  Ultralisk x2  
  196  13:22  Zergling x10  
  196  13:23  Zergling x2  
  196  13:25  Ultralisk  
  191  13:37  Drone x3  
  184  13:51  Ultralisk x2  
  194  14:06  Ultralisk  
Show
View Real Time Build Order
Export as new Build Order

Nyck Terran - Winner!

Build Orders: Reaper Expand 

Get SALT Encoding   

  12  0:00  SCV  
  13  0:12  SCV  
  14  0:18  Supply Depot  
  14  0:25  SCV  
  15  0:40  SCV  
  15  0:42  Barracks  
  16  0:47  Refinery  
  16  0:52  SCV  
  17  1:16  SCV  
  17  1:29  SCV  
  18  1:36  Reaper  
  19  1:43  Orbital Command  
  19  1:51  Command Center  
  19  2:09  SCV  
  20  2:21  SCV  
  20  2:22  Marine  
  22  2:33  SCV  
  22  2:34  Barracks  
  23  2:40  Barracks  
  23  2:43  Engineering Bay  
  23  2:45  Engineering Bay  
  23  2:56  SCV  
  23  3:05  Refinery  
  23  3:08  SCV  
  24  3:19  Terran Infantry Weapons Level 1, Terran Infantry Armor Level 1  
  24  3:20  SCV  
  25  3:28  Barracks Tech Lab  
  25  3:29  Barracks Reactor  
  25  3:40  Barracks Reactor  
  25  3:42  SCV  
  25  3:44  Orbital Command  
  26  3:50  Refinery  
  26  3:54  SCV  
  27  3:59  Marine  
  28  4:06  SCV  
  29  4:12  SCV  
  30  4:17  Marine  
  30  4:18  SCV  
  30  4:23  Marine x2  
  35  4:24  SCV, Refinery  
  35  4:25  Combat Shield  
  35  4:30  SCV  
  36  4:38  SCV  
  36  4:41  Supply Depot  
  36  4:44  SCV  
  38  4:55  Command Center  
  38  5:03  SCV, Marine x4  
  38  5:04  Supply Depot  
  43  5:08  SCV  
  43  5:10  Marine  
  45  5:20  Marine  
  46  5:23  Factory  
  46  5:26  Marine  
  46  5:27  Supply Depot  
  47  5:29  Marine x2  
  47  5:30  Marine  
  47  5:33  SCV x2  
  52  5:44  Stimpack  
  52  5:45  SCV x2  
  54  5:50  Supply Depot  
  54  5:57  SCV x2  
  56  6:09  SCV  
  56  6:10  Starport  
  56  6:11  Armory  
  57  6:13  Supply Depot  
  57  6:15  SCV  
  58  6:20  Factory Reactor  
  58  6:21  SCV  
  59  6:27  SCV  
  60  6:34  SCV  
  60  6:36  Supply Depot  
  61  6:41  Command Center  
  61  6:42  Marine x3  
  61  6:43  Marine  
  61  6:45  Marine  
  66  6:59  Supply Depot  
  66  7:07  Marine x4  
  66  7:08  Marine  
  71  7:11  SCV x2  
  73  7:20  Medivac x2  
  77  7:24  Refinery, Terran Infantry Armor Level 2, Terran Infantry Weapons Level 2  
  77  7:25  Marine  
  77  7:27  Marine  
  77  7:28  Marine x3  
  82  7:50  Medivac x2  
  86  7:57  Orbital Command  
  86  8:01  Refinery  
  86  8:04  SCV x2  
  88  8:08  Marine x4  
  88  8:09  Marine  
  88  8:12  Terran Vehicle And Ship Armor Level 1  
  93  8:16  SCV x2  
  95  8:32  Medivac  
  95  8:33  Medivac  
  99  8:39  Command Center  
  99  8:40  SCV x3  
  102  8:43  Refinery  
  102  8:52  SCV x3  
  102  8:54  SCV  
  106  8:59  Marine  
  106  9:00  Marine x4  
  111  9:03  Medivac x2  
  111  9:04  SCV x2  
  117  9:28  SCV  
  117  9:29  SCV x2  
  120  9:34  Orbital Command  
  120  9:38  Refinery  
  120  9:44  Terran Infantry Armor Level 3, Terran Infantry Weapons Level 3  
  120  9:46  Medivac  
  120  9:47  Medivac  
  120  9:50  Marine x5  
  129  9:55  Supply Depot  
  129  10:16  SCV x3  
  129  10:19  Supply Depot  
  121  10:41  Supply Depot  
  111  11:03  Supply Depot  
  102  11:22  Marine x5  
  102  11:25  Viking x2  
  111  11:26  Supply Depot  
  111  11:28  Terran Vehicle And Ship Armor Level 2  
  111  11:35  Orbital Command  
  111  11:38  SCV x4  
  115  11:49  Supply Depot  
  113  12:01  Marine x2  
  113  12:02  Marine x3  
  122  12:09  Medivac  
  122  12:10  Medivac  
  109  12:27  Marine  
  109  12:28  Marine x4  
  104  12:39  Medivac  
  104  12:40  Barracks, Medivac  
  104  12:41  Barracks  
  108  12:44  Barracks  
  108  12:45  Marine x2  
  108  12:46  Marine x3, Barracks  
  113  12:58  SCV x3  
  116  13:03  Marine x4  
  116  13:04  Marine  
  121  13:09  Medivac  
  121  13:10  SCV, Medivac  
  126  13:21  Marine x3  
  126  13:22  SCV  
  128  13:30  Barracks  
  128  13:32  Barracks  
  128  13:34  SCV  
  128  13:35  Barracks  
  128  13:36  Marine x5  
  128  13:37  Marine, Barracks  
  128  13:39  Marine x3, Medivac  
  128  13:40  Medivac  
  142  13:47  SCV  
  140  13:54  Marine x6  
  137  13:56  Marine  
  137  13:57  Marine x2  
  138  14:09  Medivac  
  140  14:10  Medivac  
  140  14:11  Marine  
  140  14:12  Marine x3  
  140  14:16  SCV x2  
  140  14:17  SCV, Marine x5  
  154  14:29  Marine x3  
  154  14:30  Marine  
  153  14:34  Marine  
  153  14:35  Marine x4  
Show
View Real Time Build Order
Export as new Build Order

ReyNevan Terran 

Build Orders:  

Get SALT Encoding   

  12  0:00  SCV  
  13  0:13  SCV  
  14  0:21  Supply Depot  
  14  0:25  SCV  
  15  0:43  SCV  
  15  0:44  Barracks  
  16  0:55  SCV  
  17  1:07  SCV  
  18  1:19  SCV  
  19  1:31  Refinery  
  19  1:35  Command Center  
  19  1:40  Orbital Command  
  19  1:45  Refinery  
  19  1:49  Marine  
  19  1:54  Supply Depot  
  20  1:59  Refinery  
  20  2:07  Marine  
  21  2:10  SCV  
  22  2:25  Bunker  
  22  2:33  SCV  
  22  2:34  Barracks  
  23  2:57  SCV  
  24  3:02  Orbital Command  
  24  3:05  Refinery  
  24  3:07  Barracks Reactor  
  24  3:10  SCV  
  25  3:16  Engineering Bay  
  25  3:22  SCV  
  25  3:25  Factory  
  26  3:28  SCV  
  26  3:34  SCV  
  29  3:41  SCV  
  29  3:45  Marine  
  29  3:46  Marine  
  29  3:48  SCV  
  32  3:53  SCV  
  33  3:58  Barracks Tech Lab  
  33  4:00  SCV  
  34  4:03  Bunker  
  34  4:04  Marine x2  
  34  4:08  Terran Infantry Weapons Level 1  
  36  4:13  SCV  
  36  4:14  SCV  
  38  4:18  Starport, Factory Tech Lab  
  38  4:26  SCV  
  38  4:27  SCV  
  40  4:38  SCV  
  41  4:39  Marine x2  
  41  4:44  Command Center  
  43  4:46  SCV  
  44  4:57  SCV  
  44  4:58  SCV  
  46  5:01  Supply Depot x2  
  46  5:03  Missile Turret  
  46  5:05  Missile Turret  
  46  5:16  Refinery  
  46  5:22  SCV x2  
  46  5:26  Supply Depot  
  51  5:34  SCV x2  
  51  5:35  Barracks Reactor  
  52  5:41  Liberator x2  
  57  5:45  Cyclone  
  57  5:46  SCV  
  57  5:49  Starport  
  57  5:50  SCV  
  57  5:57  Missile Turret  
  58  5:58  SCV, Missile Turret  
  58  6:02  SCV  
  59  6:15  Sensor Tower  
  59  6:16  Missile Turret  
  59  6:18  Marine x2  
  60  6:20  Cyclone  
  60  6:24  Liberator  
  66  6:27  Liberator  
  66  6:28  SCV  
  70  6:36  Supply Depot  
  70  6:45  Supply Depot  
  70  6:57  Liberator, Cyclone  
  70  7:00  Marine, Stimpack  
  70  7:01  Supply Depot, Marine  
  77  7:03  Supply Depot  
  77  7:06  SCV x2  
  77  7:07  Liberator  
  82  7:09  Supply Depot  
  82  7:10  Liberator  
  82  7:12  Refinery  
  85  7:21  Supply Depot  
  85  7:26  Armory  
  85  7:27  Command Center  
  85  7:36  Supply Depot  
  85  7:39  Supply Depot  
  85  7:40  Liberator  
  88  7:49  Liberator  
  88  7:50  Starport, Marine x2  
  93  7:52  SCV, Liberator  
  97  8:09  Marine x3  
  97  8:11  Cyclone  
  101  8:18  Missile Turret  
  101  8:21  Missile Turret  
  101  8:23  Liberator  
  96  8:29  Marine x2  
  96  8:32  Liberator  
  101  8:35  Liberator  
  104  8:44  Missile Turret  
  104  8:45  Missile Turret  
  104  8:47  Missile Turret, Sensor Tower  
  104  8:50  Marine  
  104  8:51  Marine  
  106  8:58  Orbital Command  
  106  9:00  Missile Turret  
  106  9:03  SCV x2  
  106  9:05  Liberator, Missile Turret  
  111  9:12  Marine x3  
  111  9:15  Liberator  
  117  9:17  Liberator  
  117  9:22  Supply Depot  
  118  9:26  Liberator  
  118  9:29  Marine  
  118  9:30  Marine x2  
  124  9:32  Terran Ship Weapons Level 1  
  124  9:37  Armory  
  124  9:40  Terran Infantry Weapons Level 2  
  124  9:42  Refinery  
  124  9:47  Marine x2  
  124  9:48  Marine, Cyclone  
  124  9:51  SCV x3  
  132  9:57  Supply Depot  
  132  10:05  Marine  
  133  10:12  SCV x3  
  136  10:18  Viking x2  
  136  10:19  Viking  
  142  10:22  Marine x2  
  142  10:23  Marine, Command Center  
  142  10:24  Siege Tank  
  123  10:45  Marine x3  
  125  10:56  Siege Tank  
  128  11:03  Marine x3  
  116  11:21  Marine x3  
  116  11:23  SCV x3  
  122  11:28  Siege Tank, Liberator, Medivac  
  122  11:30  Terran Ship Weapons Level 2  
  130  11:37  Orbital Command  
  130  11:38  Marine  
  130  11:39  Marine x2  
  133  11:44  Viking  
  133  11:46  Liberator  
  138  11:48  SCV x3  
  141  11:56  Marine x2  
  141  11:57  Marine  
  141  11:58  Liberator  
  141  12:00  SCV, Siege Tank  
  151  12:07  Refinery  
  151  12:11  Viking  
  151  12:12  Factory  
  151  12:13  Factory  
  151  12:14  Marine x3  
  155  12:18  Medivac  
  157  12:28  Medivac  
  159  12:32  Marine x3  
  159  12:33  Siege Tank  
  165  12:38  Refinery  
  165  12:41  Viking x2  
  169  12:48  Liberator  
  169  12:50  Marine x3  
  175  12:56  Factory Tech Lab  
  175  12:57  Factory Tech Lab  
  175  13:05  Siege Tank  
  178  13:07  Marine  
  178  13:08  Marine  
  178  13:12  Marine  
  125  13:22  Liberator x3  
  125  13:25  Marine  
  125  13:26  Marine  
  90  13:29  Siege Tank, Cyclone, Marine  
  90  13:31  Liberator  
  94  13:43  Marine x2  
  94  13:47  Marine  
  86  14:01  Marine x2  
  88  14:05  Liberator, Marine  
  88  14:09  Refinery  
  88  14:12  Siege Tank  
  89  14:19  Marine x2  
  89  14:23  Marine  
Show
View Real Time Build Order
Export as new Build Order

ZŁO Zerg 

Build Orders: Hatch First, Roach Hydra 

Get SALT Encoding   

  12  0:06  Drone  
  13  0:13  Overlord  
  13  0:26  Drone  
  14  0:32  Drone x2  
  16  1:01  Drone, Extractor  
  16  1:06  Hatchery  
  15  1:13  Spawning Pool  
  15  1:15  Drone  
  15  1:28  Drone x2  
  17  1:38  Drone  
  18  1:43  Overlord  
  18  1:55  Drone  
  19  2:11  Roach Warren  
  19  2:12  Drone  
  19  2:14  Queen  
  21  2:18  Drone  
  21  2:19  Metabolic Boost  
  22  2:26  Queen  
  22  2:29  Drone  
  25  2:32  Drone  
  26  2:41  Zergling x2  
  26  2:42  Zergling x2  
  28  2:51  Zergling x4  
  28  2:52  Zergling x2  
  31  3:04  Drone x2  
  33  3:23  Drone x3  
  33  3:24  Overlord  
  36  3:37  Overlord x2  
  36  3:44  Hatchery, Roach x3  
  41  3:56  Spore Crawler  
  41  4:01  Spore Crawler, Overlord  
  41  4:02  Spore Crawler  
  38  4:05  Roach  
  38  4:07  Drone  
  38  4:08  Drone  
  42  4:17  Lair  
  42  4:22  Drone  
  42  4:23  Drone  
  44  4:31  Roach x2  
  48  4:33  Drone x2  
  50  4:48  Roach  
  50  4:49  Roach  
  50  4:50  Drone x2  
  50  4:51  Drone x3  
  59  5:03  Zergling x2  
  59  5:04  Zergling x10  
  65  5:12  Extractor  
  64  5:15  Drone x3, Extractor  
  64  5:20  Queen  
  68  5:23  Roach x2  
  72  5:30  Drone x2  
  72  5:31  Overlord  
  74  5:45  Spore Crawler  
  74  5:47  Spore Crawler  
  74  5:48  Spore Crawler  
  71  6:02  Spore Crawler, Drone x3  
  71  6:03  Drone x3, Spore Crawler  
  75  6:07  Spore Crawler  
  74  6:11  Drone x3  
  74  6:13  Drone x3  
  80  6:19  Overseer  
  80  6:22  Drone x2  
  80  6:24  Overlord x3  
  82  6:37  Overlord  
  82  6:38  Overlord  
  82  6:40  Glial Reconstitution  
  82  6:41  Hydralisk Den, Extractor  
  80  7:00  Drone x12  
  93  7:01  Drone  
  93  7:26  Drone x9  
  93  7:29  Spore Crawler  
  101  7:38  Spore Crawler  
  101  7:39  Drone x3, Spore Crawler  
  101  7:40  Drone  
  103  7:55  Grooved Spines  
  103  7:58  Overlord x4  
  102  7:59  Overlord x2  
  102  8:00  Overlord  
  102  8:08  Evolution Chamber  
  102  8:09  Evolution Chamber  
  100  8:16  Extractor  
  99  8:23  Extractor  
  99  8:25  Spore Crawler  
  99  8:26  Hydralisk  
  97  8:27  Hydralisk x8  
  115  8:45  Muscular Augments  
  115  8:48  Drone x5  
  118  8:54  Hatchery  
  119  8:58  Spore Crawler  
  118  9:10  Hydralisk x4  
  118  9:11  Hydralisk x6  
  138  9:30  Zerg Missile Weapons Level 1  
  138  9:31  Zerg Ground Armor Level 1  
  138  9:33  Hydralisk  
  138  9:34  Hydralisk x6  
  138  9:37  Overlord x3  
  152  9:58  Hydralisk  
  152  9:59  Hydralisk x7  
  156  10:02  Hydralisk  
  170  10:10  Spore Crawler  
  170  10:12  Spore Crawler  
  170  10:14  Queen  
  170  10:23  Hydralisk x5  
  170  10:24  Hydralisk  
  163  10:42  Roach  
  130  10:43  Roach x8  
  132  11:04  Spore Crawler  
  132  11:05  Spore Crawler  
  132  11:08  Spore Crawler  
  115  11:15  Overseer x3  
  111  11:19  Roach  
  111  11:20  Roach x11  
  135  11:36  Queen, Infestation Pit  
  135  11:38  Zerg Missile Weapons Level 2  
  136  11:42  Evolution Chamber  
  136  11:45  Zerg Melee Weapons Level 1  
  135  11:53  Roach x5  
  145  12:10  Roach  
  145  12:11  Roach x8  
  163  12:21  Drone  
  163  12:22  Drone x4  
  168  12:38  Hydralisk x8  
  168  12:44  Overlord x2  
  184  13:07  Hydralisk x8  
  56  13:57  Hydralisk x3  
  56  13:58  Hydralisk x6  
  74  14:29  Lurker Den  
Tags
 
Add a new tag
Caveats
  • Supply blocks, unpowered buildings, or Contaminate may cause inaccurate times.
  • Supply counts are checked every 10 seconds.